 Dungeon Crawl Stone Soup version 0.22-a0-240-g539252a (webtiles) character file.

24 seren the Shield-Bearer (level 2, -2/27 HPs)
             Began as a Deep Dwarf Fighter on Feb 21, 2018.
             Shot with an arrow by a centaur (10 damage)
             ... on level 2 of the Dungeon.
             The game lasted 00:03:32 (847 turns).

seren the Shield-Bearer (Deep Dwarf Fighter)         Turns: 847, Time: 00:03:33

Health: -2/27      AC:  6    Str: 19    XL:     2   Next: 79%
Magic:  2/2        EV:  9    Int:  8    God:
Gold:   41         SH:  4    Dex: 12    Spells: 1/1 levels left

rFire    . . .     SeeInvis .   a - +0 war axe
rCold    . . .     Gourm    .   n - +0 buckler (curse)
rNeg     . . .     Faith    .   b - +0 scale mail
rPois    .         Spirit   .   (no helmet)
rElec    .         Reflect  .   (no cloak)
rCorr    .         Harm     .   (no gloves)
MR       .....                  (no boots)
Stlth    ..........             (no amulet)
HPRegen  0.00/turn              (no ring)
MPRegen  0.08/turn              (no ring)

@: non-regenerating
A: damage resistance, heal wounds, sense surroundings 1, no regeneration
a: Heal Wounds


You were on level 2 of the Dungeon.
You were not hungry.

You visited 1 branch of the dungeon, and saw 2 of its levels.

You collected 41 gold pieces.

Inventory:

Hand Weapons
 a - a +0 war axe (weapon)
Armour
 b - a +0 scale mail (worn)
 c - a +0 shield
 n - a cursed +0 buckler (worn)
Scrolls
 k - a scroll of identify {unknown}
 l - a scroll of enchant armour {unknown}
 o - a scroll of random uselessness {unknown}
Potions
 d - a potion of might
 e - 3 potions of curing {unknown}
 h - a potion of haste {unknown}
 i - a potion of brilliance {unknown}
 j - a potion of agility {unknown}
 m - a potion of lignification {unknown}
Comestibles
 f - a ration


   Skills:
 + Level 2.9 Fighting
 * Level 2.8 Axes
 + Level 3.5 Armour
 + Level 3.6 Shields


You had one spell level left.
You didn't know any spells.

Dungeon Overview and Level Annotations

Branches:
Dungeon (2/15)

Altars:


Innate Abilities, Weirdness & Mutations

You are resistant to damage.
You can heal yourself by infusing magical energy.
You passively map a small area around you.
You do not regenerate.


Message History

You hit the dart slug.
The dart slug is moderately wounded.
You block the dart slug's attack.
You slash the dart slug!
You kill the dart slug!
A goblin and a centaur come into view.
The centaur shouts!
The centaur wields a shortbow.
The centaur shoots an arrow.
The arrow hits you!
* * * LOW HITPOINT WARNING * * *
Found a ration.
You hit the rat.
You kill the rat!
The centaur shoots an arrow.
The arrow hits you!
* * * LOW HITPOINT WARNING * * *
The centaur shoots an arrow.
The arrow hits you.
* * * LOW HITPOINT WARNING * * *
There is a stone staircase leading up here.
The centaur shoots an arrow.
The arrow misses you.
The centaur shoots an arrow.
The arrow hits you!
You die...

, ,
.$...........#
.............#
.............#
*
c..c.........#
, ,
...........# ,
* , .
#.g......# ...
#..(..../#
.....#........#
* #....@#+#####
*#######,* * *
* , * * * ** *,
, * *


You could see a centaur and a goblin.

Vanquished Creatures
  A dart slug (D:2)
  4 giant cockroaches (D:1)
  2 goblins (D:1)
  2 hobgoblins (D:1)
  A ball python (D:1)
  3 bats (D:1)
  2 frilled lizards (D:1)
  3 kobolds (D:1)
  3 rats
21 creatures vanquished.

Notes
Turn   | Place    | Note
-------+----------+-------------------------------------------
     0 | D:1      | seren the Deep Dwarf Fighter began the quest for the Orb.
     0 | D:1      | Reached XP level 1. HP: 20/20 MP: 1/1
   206 | D:1      | Reached XP level 2. HP: 25/27 MP: 2/2
   843 | D:2      | Noticed a centaur
   847 | D:2      | Shot with an arrow by a centaur

Vault maps used:
D:1:      lightli_arrival_quake

Action                   || total
-------------------------++-------
Melee: War axe           ||    39
Armor: Scale mail        ||    31
Dodge: Dodged            ||     7
Block: Shield            ||    24
       Buckler           ||     1

Table legend:
 A = Spawn XP
 B = Non-spawn XP
 C = Spawn XP percentage of total XP
 D = Spawn monster count
 E = Non-spawn monster count
 F = Spawn count percentage of total count
 G = Total turns spent on level
                    A         B        C        D         E        F      G
               +---------+---------+-------+---------+---------+-------+---------
         Total |       0 |      35 |   0.0 |       0 |      21 |   0.0 |   847
               +---------+---------+-------+---------+---------+-------+---------
           D:1 |       0 |      30 |   0.0 |       0 |      19 |   0.0 |   839
           D:2 |       0 |       5 |   0.0 |       0 |       2 |   0.0 |     8
               +---------+---------+-------+---------+---------+-------+---------
